Map: Triton LE

Players

Mez

  • Race: Terran Terran
  • League: Master
  • Spawn Location: 5:00

Jessica - Winner!

  • Race: Terran Terran
  • League: Master
  • Spawn Location: 11:00

VOD

Have the link to the VOD?

Description

Time

  • Played on: Aug. 21, 2019, 10:10 p.m.
  • Length: 5:10
Show
View Real Time Build Order
Export as new Build Order

Mez Terran 

Build Orders:  

Get SALT Encoding   

  12  0:00  SCV  
  13  0:13  SCV  
  14  0:21  Supply Depot  
  14  0:25  SCV  
  15  0:45  Barracks  
  15  0:55  Barracks  
  15  1:09  Barracks  
  15  1:13  SCV  
  16  1:33  Orbital Command  
  16  1:34  Marine  
  17  1:41  Supply Depot  
  17  1:43  Marine  
  18  1:52  Marine  
  19  1:56  Marine  
  19  2:01  Marine  
  20  2:05  SCV  
  22  2:10  Refinery  
  22  2:20  Marine x2  
  23  2:23  Marine  
  21  2:56  Marine  
  21  2:57  Marine  
  22  3:05  Marine  
  22  3:08  SCV  
  22  3:14  Marine  
  19  3:22  SCV  
  19  3:24  Marine  
  21  3:29  Marine  
  22  3:36  Marine  
  22  3:42  Marine, SCV  
  24  3:51  Factory  
  24  3:54  SCV  
  20  4:11  Marine x3  
  20  4:29  Marine x3  
  22  4:36  Hellion  
  22  4:37  Starport  
  24  4:40  SCV  
  25  4:47  Marine x2  
Show
View Real Time Build Order
Export as new Build Order

Jessica Terran - Winner!

Build Orders: Gas First Reaper Expand 

Get SALT Encoding   

  12  0:00  SCV  
  13  0:12  SCV  
  14  0:17  Supply Depot  
  14  0:25  SCV  
  14  0:27  Refinery  
  15  0:38  SCV  
  16  0:44  Barracks  
  16  0:50  SCV  
  17  1:02  SCV  
  18  1:15  SCV  
  19  1:31  Orbital Command, Reaper  
  20  1:42  Command Center  
  20  1:55  Factory  
  20  1:58  SCV  
  21  2:07  Reaper  
  22  2:13  SCV  
  22  2:15  Supply Depot  
  22  2:24  Bunker  
  22  2:25  SCV  
  23  2:30  Bunker  
  20  2:37  SCV  
  20  2:39  Reaper  
  20  2:40  Hellion  
  23  2:49  SCV  
  10  3:01  SCV  
  9  3:07  Hellion  
  11  3:14  SCV  
  12  3:26  SCV  
  13  3:28  Marine  
  13  3:31  Hellion  
  16  3:38  SCV  
  17  3:50  SCV  
  18  4:02  SCV  
  19  4:14  SCV  
  20  4:26  SCV  
  21  4:35  Marine  
  23  4:38  SCV  
  23  4:39  Hellion  
  24  4:49  Command Center  
  24  4:50  SCV  
Tags
 
Add a new tag
Caveats
  • Supply blocks, unpowered buildings, or Contaminate may cause inaccurate times.
  • Supply counts are checked every 10 seconds.